 Dungeon Crawl Stone Soup version 0.31.0-11-ge490571c62 (webtiles) character file.

Game seed: 14764350177684287319

10861 Aviak the Party-goer (level 11, -14/67 (77) HPs)
             Began as an Octopode Reaver on Feb 2, 2024.
             Was a Follower of Uskayaw.
             Demolished by Grum
             ... wielding a +0 spear
              (18 damage)
             ... on level 10 of the Dungeon.
             The game lasted 00:18:58 (9948 turns).

Aviak the Party-goer (Octopode Reaver)              Turns: 9948, Time: 00:18:59

HP:   -14/67 (77)   AC:  1    Str: 11    XL:     11   Next: 68%
MP:   18/27         EV: 21    Int: 16    God:    Uskayaw [*.....]
Gold: 457           SH:  6    Dex: 15    Spells: 13/14 levels left

rFire   + +          .
                       - Unarmed
rCold   . . .        a - +0 buckler
rNeg    + . .        (helmet restricted)
rPois   .            k - amulet of regeneration
rElec   .            u - ring of willpower
rCorr   .            x - ring of magical power
SInv    .            F - ring of protection from fire
Will    +....        N - ring of positive energy
Stlth   ++           A - ring of protection from fire
HPRegen 1.11/turn    E - +5 ring of evasion
MPRegen 0.20/turn    (no ring)
                     (no ring)

%: no passive effects
@: heavily drained
A: almost no armour, amphibious, 8 rings, camouflage 1, gelatinous body 1,
(nimble swimmer 1), tentacles
a: Renounce Religion, Stomp


You were on level 10 of the Dungeon.
You worshipped Uskayaw.
Uskayaw was aware of your devotion.
You visited 1 branch of the dungeon, and saw 12 of its levels.
You also visited: Sewer and Ossuary.

You collected 544 gold pieces.
You spent 87 gold pieces at shops.

Inventory:

Missiles
 e - 3 throwing nets {!f}
Armour
 a - a +0 buckler (worn)
Jewellery
 k - an amulet of regeneration (around mantle)
 u - a ring of willpower (left tentacle)
 x - a ring of magical power (right tentacle)
 A - a ring of protection from fire (on tentacle)
 B - an amulet of guardian spirit
 E - a +5 ring of evasion (on tentacle)
 F - a ring of protection from fire (on tentacle)
 N - a ring of positive energy (on tentacle)
Talismans
 R - a flux talisman
Wands
 s - a wand of flame (19)
 v - a wand of iceblast (7)
 w - a wand of digging (5)
Scrolls
 b - 3 scrolls of revelation
 d - 3 scrolls of noise {!r!r}
 i - 3 scrolls of blinking {unknown}
 m - 3 scrolls of enchant armour
 n - 2 scrolls of amnesia
 p - 3 scrolls of vulnerability {!r}
 t - a scroll of teleportation
 y - 3 scrolls of fog
 C - a scroll of fear {unknown}
 G - a scroll of summoning {unknown}
 I - a scroll of poison {unknown}
 K - 3 scrolls of enchant weapon {unknown}
 L - 2 scrolls of immolation
 O - a scroll of silence {unknown}
 P - a scroll of torment {unknown}
 Q - a scroll of brand weapon {unknown}
Potions
 c - 4 potions of curing
 f - 5 potions of haste
 g - 4 potions of brilliance
 h - a potion of heal wounds
 j - 4 potions of resistance
 l - a potion of cancellation
 o - 6 potions of attraction
 q - 3 potions of mutation {!q}
 r - a potion of lignification {unknown}
 z - 4 potions of degeneration {unknown}
 D - 2 potions of might {unknown}
 H - 2 potions of berserk rage {unknown}
 J - a potion of enlightenment {unknown}
 M - a potion of invisibility {unknown}


   Skills:
 + Level 8.2 Fighting
 + Level 8.2 Dodging
 + Level 7.1 Shields
 + Level 8.3 Unarmed Combat
 - Level 2.0 Spellcasting
 - Level 3.0 Conjurations
 - Level 10.0 Invocations
 + Level 3.4 Evocations


You had 13 spell levels left.
You knew the following spells:

 Your Spells              Type           Power      Damage    Failure   Level
a - Kiss of Death         Conj/Necr      24%        2d7       14%         1

Your spell library contained the following spells:

 Spells                   Type           Power      Damage    Failure   Level
 Sting                    Conj/Alch      24%        1d4       14%         1
 Momentum Strike          Conj/Tloc      12%        3d8       22%         2
 Lesser Beckoning         Tloc           2%         N/A       38%         2
 Mercury Vapours          Alch/Air       2%         N/A       38%         2
 Dazzling Flash           Conj/Hex       12%        N/A       41%         3
 Hailstorm                Conj/Ice       6%         3d5       41%         3
 Mephitic Cloud           Conj/Alch/Air  4%         N/A       47%         3
 Call Canine Familiar     Summ           1%         N/A       63%         3
 Gell's Gravitas          Tloc           1%         N/A       63%         3
 Sigil of Binding         Hex            1%         N/A       63%         3
 Teleport Other           Tloc           1%         N/A       63%         3
 Volatile Blastmotes      Fire/Tloc      2%         2d10      63%         3
 Fulminant Prism          Conj/Alch      3%         3d5       82%         4
 Iskenderun's Mystic Bla  Conj/Tloc      6%         2d4       82%         4
 Dimensional Bullseye     Hex/Tloc       0%         N/A       95%         4
 Olgreb's Toxic Radiance  Alch           1%         N/A       95%         4
 Curse of Agony           Necr           1%         N/A       100%        5
 Silence                  Hex/Air        0%         N/A       100%        5
 Starburst                Conj/Fire      3%         6d3       100%        6
 Maxwell's Capacitive Co  Air            0%         ∞         100%        8


Dungeon Overview and Level Annotations

Branches:
Dungeon (12/15)            Temple (0/1) D:7            Lair (0/5) D:9
  Sewer (visited)         Ossuary (visited)
    Orc: D:9-12

Altars:
Dithmenos
Elyvilon
Fedhas
Makhleb
Nemelex Xobeh
Qazlal
Uskayaw
Xom
Yredelemnul
The Shining One

Shops:
D:7 *

Annotations:
D:7 3 runed translucent doors, Yehuk's ghost, novice GrFi
D:10 Grum
D:11 Amaemon


Innate Abilities, Weirdness & Mutations

You cannot wear most types of armour.
You are amphibious.
You can wear up to eight rings at the same time.
Your skin changes colour to match your surroundings (Stealth+).
Your rubbery body absorbs attacks. (AC +1, EV +1)
((You are camouflaged when in or above water. (Stealth+)))
You have tentacles for arms and can constrict up to eight enemies at once.


Message History

The wolf closely misses you. You block the wolf's attack.
The shadow strikes at you from the darkness!
Reactivating autopickup.
Something misses you.
You tentacle-slap the wolf. You grab the wolf.
The wolf is moderately wounded.
You constrict the wolf, but do no damage.
Something hits you!
Deactivating autopickup; reactivate with Ctrl-A.
The wolf bites you! The shadow hits you!
You stomp with the beat, sending a shockwave through the revellers around you!
The wolf is severely wounded.
The shadow is heavily damaged.
You can no longer stomp with the beat.
You constrict the wolf. The wolf completely misses you.
You lose your grip on the wolf.
Grum closely misses you. The shadow barely misses you.
You can now stomp with the beat.
You stomp with the beat, sending a shockwave through the revellers around you!
The wolf is severely wounded.
The shadow is severely damaged.
You can no longer stomp with the beat.
Something barely misses you. The wolf bites you! Grum barely misses you.
The wolf misses you.
The shadow slips into darkness.
The shadow flickers and vanishes!
You can now stomp with the beat.
You stomp with the beat, sending a shockwave through the revellers around you!
You kill the wolf! x2
Reactivating autopickup.
You feel a bit more experienced.
You can no longer stomp with the beat.
Something hits you!
* * * LOW HITPOINT WARNING * * *
Deactivating autopickup; reactivate with Ctrl-A.
Grum completely misses you.
You can now stomp with the beat.
Something hits you!
* * * LOW HITPOINT WARNING * * *
Grum hits you with a +0 spear!!
You die...

#.#
..........#
#.#
..........#
#.#
..........#
#.#
..........#
##.#
..........#
##..#
..........#
#..##
.......g..#
#.## #
.......@..#
#.# . .#
..........#
#.# . ##.
###########
##.# .##..
#..# ##..
##)####
#..#
#.....#
...#
#.....#
...#
#.....#
>..#
#.....#


You could see Grum.

Vanquished Creatures
  Erica (D:10)
  2 two-headed ogres
  Pikel (D:5)
  2 trolls
  A shadow (D:10)
  3 wraiths
  12 yaks
  3 wyverns
  A steam dragon (D:7)
  2 acid dragons
  3 water moccasins
  3 orc warriors
  2 ice beasts
  4 black bears
  A sky beast (D:8)
  An ogre (D:6)
  A crocodile (Sewer)
  2 wolves (D:10)
  2 lemures (D:5)
  5 kobold brigands
  2 phantoms
  A gnoll sergeant (D:8)
  2 bullfrogs
  15 scorpions
  9 wights
  3 killer bees (D:7)
  3 bombardier beetles
  4 centaur zombies (Ossuary)
  A jelly (D:5)
  6 orc priests
  6 hounds
  4 human zombies (Ossuary)
  2 iguanas
  Ijyb (D:5)
  A scorpion zombie (Ossuary)
  5 orc wizards
  A sleepcap (D:6)
  3 mummies (Ossuary)
  5 gnolls (D:8)
  7 adders
  A river rat (Sewer)
  3 shadow imps
  3 white imps
  6 dart slugs
  6 ribbon worms
  22 orcs
  6 bats
  8 endoplasms
  7 giant cockroaches
  2 gnoll zombies (Ossuary)
  13 goblins
  10 hobgoblins
  6 jackals
  5 quokkas
  7 ball pythons
  8 frilled lizards
  A jackal zombie (Ossuary)
  17 kobolds
  An orc zombie (Ossuary)
  10 rats
275 creatures vanquished.

Notes
Turn   | Place    | Note
-------+----------+-------------------------------------------
     0 | D:1      | Aviak the Octopode Reaver began the quest for the Orb.
     0 | D:1      | Reached XP level 1. HP: 14/14 MP: 3/3
   255 | D:1      | Reached XP level 2. HP: 17/18 MP: 5/5
   432 | D:1      | Reached XP level 3. HP: 19/25 MP: 6/6
  1216 | D:2      | Reached XP level 4. HP: 31/31 MP: 7/7
  1880 | D:3      | Reached XP level 5. HP: 21/36 MP: 8/8
  2046 | D:3      | Found a hide-covered altar of Uskayaw.
  2073 | D:3      | Became a worshipper of Uskayaw the Reveller
  2498 | D:4      | Reached * piety under Uskayaw
  2499 | D:4      | Reached ** piety under Uskayaw
  2500 | D:4      | Reached skill level 1 in Shields
  2632 | D:4      | Reached XP level 6. HP: 43/43 MP: 9/9
  2750 | D:4      | Reached *** piety under Uskayaw
  2751 | D:4      | Found a glowing drain.
  2758 | Sewer    | Entered a sewer
  3006 | Sewer    | HP: 1/37 [crocodile (13)]
  3170 | Sewer    | Reached XP level 7. HP: 41/48 MP: 10/10
  3493 | D:4      | Reached skill level 5 in Unarmed Combat
  3615 | D:5      | Entered Level 5 of the Dungeon
  3657 | D:5      | Reached **** piety under Uskayaw
  3708 | D:5      | Reached skill level 1 in Invocations
  3761 | D:5      | Reached skill level 2 in Invocations
  3761 | D:5      | Reached XP level 8. HP: 45/54 MP: 11/11
  3880 | D:5      | Noticed Ijyb
  3885 | D:5      | Killed Ijyb
  3886 | D:5      | Reached skill level 5 in Fighting
  3972 | D:5      | Found a blossoming altar of Fedhas.
  3994 | D:5      | Reached skill level 5 in Dodging
  3994 | D:5      | Reached skill level 3 in Invocations
  4180 | D:5      | Noticed Pikel
  4186 | D:5      | Killed Pikel
  4187 | D:5      | Reached skill level 4 in Invocations
  4187 | D:5      | Reached XP level 9. HP: 48/62 MP: 12/12
  4227 | D:5      | Reached skill level 5 in Invocations
  4246 | D:5      | Found a burning altar of Makhleb.
  4362 | D:5      | Found a stormy altar of Qazlal.
  4817 | D:6      | Found a white marble altar of Elyvilon.
  4820 | D:6      | Found a shadowy altar of Dithmenos.
  4823 | D:6      | Found a shimmering altar of Xom.
  5057 | D:6      | Reached skill level 6 in Invocations
  5343 | D:6      | Found a sparkling altar of Nemelex Xobeh.
  5392 | D:6      | Reached skill level 5 in Shields
  5420 | D:6      | Found a basalt altar of Yredelemnul.
  5777 | D:6      | Reached ***** piety under Uskayaw
  5944 | D:7      | Found a sand-covered staircase.
  5969 | Ossuary  | Entered an ossuary
  6121 | Ossuary  | Reached skill level 7 in Invocations
  6194 | Ossuary  | Reached XP level 10. HP: 50/69 MP: 15/15
  6398 | D:7      | Found a runed translucent gate.
  6398 | D:7      | Found a runed translucent gate.
  6398 | D:7      | Found a runed translucent gate.
  6399 | D:7      | Noticed Yehuk's ghost (novice GrFi)
  6553 | D:7      | Found Tofref's Assorted Antiques.
  6582 | D:7      | Bought 3 scrolls labelled ZASKIF XITUH for 87 gold pieces
  6608 | D:7      | Found a staircase to the Ecumenical Temple.
  7042 | D:8      | Reached skill level 8 in Invocations
  7348 | D:8      | Noticed a two-headed ogre
  7364 | D:8      | Killed a two-headed ogre
  8130 | D:9      | Reached skill level 9 in Invocations
  8130 | D:9      | Reached skill level 1 in Evocations
  8133 | D:9      | Reached ****** piety under Uskayaw
  8144 | D:9      | Reached XP level 11. HP: 54/75 MP: 17/17
  8189 | D:9      | Found a staircase to the Lair.
  9350 | D:10     | Entered Level 10 of the Dungeon
  9499 | D:10     | Noticed Erica
  9504 | D:10     | Killed Erica
  9595 | D:10     | Found a glowing golden altar of the Shining One.
  9595 | D:10     | You fall into a shaft and drop 2 floors!
  9676 | D:11     | Noticed a two-headed ogre
  9685 | D:11     | Killed a two-headed ogre
  9686 | D:11     | Reached skill level 10 in Invocations
  9688 | D:11     | Noticed Amaemon
  9941 | D:10     | Noticed Grum
  9948 | D:10     | Demolished by Grum

Illustrated notes

Levels and vault maps discovered:
D:1:      dpeg_arrival_morbid_curiosity, layout_basic
D:2:      layout_basic
D:3:      layout_rooms, old_standard_altar, minmay_cupped
D:4:      layout_loops_cross, mainiacjoe_sewer_entry_somewhere_in_here_2,
          minmay_crystal_room, due_unseen_surprise
D:5:      layout_loops_ring, grunt_temple_overflow_forces_of_nature,
          makhleb_heckhound_becter, uniq_ijyb, uniq_pikel
D:6:      layout_cave_pods, nemelex_dance_club_becter,
          grunt_temple_overflow_cloverleaf, ebering_dispersal_statue_hall,
          minmay_fractal_squares_gapless_5
D:7:      layout_basic, minmay_temple_entry_stoned_glass, serial_shops,
          nicolae_diamond_shop, chequers_ossuary_entry_cave,
          gammafunk_ghost_necromancy
D:8:      layout_rooms
D:9:      layout_layer_cave, minmay_lair_entry_grove
D:10:     layout_roguey [special_room_bee], tso_metal_star, david_orc_4,
          uniq_grum, uniq_erica
D:11:     minmay_inner_zag, layout_basic, uniq_amaemon
D:12:     layout_basic, nicolae_hepliaklqana_ecumenical_no_more

Skill      XL: |  1  2  3  4  5  6  7  8  9 10 11 |
---------------+----------------------------------+-----
Fighting       | 3 4 5 6 7 8 |  8.2
Dodging        | 3 4 5 6 7 8 |  8.2
Unarmed Combat | 4 5 6 7 8 |  8.3
Shields        | 1 2 3 4 5 6 7 |  7.1
Invocations    | 2 4 7 9 10 | 10.0
Evocations     | 1 3 |  3.4
Spellcasting   | |  2.0
Conjurations   | |  3.0

Action                     |  1- 3 |  4- 6 |  7- 9 | 10-12 || total
---------------------------+-------+-------+-------+-------++-------
  Melee: Unarmed           |    80 |   169 |   269 |   372 ||   890
         Constrict         |    18 |    44 |    53 |    47 ||   162
         Tentacles         |    15 |    42 |    82 |   104 ||   243
         Punch             |     1 |     5 |    16 |    24 ||    46
   Cast: Kiss of Death     |     1 |     2 |     3 |     6 ||    12
 Invoke: Stomp             |       |       |     1 |    20 ||    21
         Grand Finale      |       |       |       |     1 ||     1
  Evoke: Wand              |       |       |     5 |    13 ||    18
    Use: Scroll            |       |     5 |     3 |     5 ||    13
         Potion            |       |     3 |       |     2 ||     5
   Stab: Sleeping          |     7 |     9 |     9 |     1 ||    26
         Distracted        |       |     1 |       |       ||     1
         Paralysed         |       |       |    18 |    30 ||    48
 Armour: Skin              |    25 |    75 |   112 |   117 ||   329
  Dodge: Dodged            |    39 |    99 |   138 |   258 ||   534
  Block: Buckler           |       |    15 |    51 |   100 ||   166
